 Dungeon Crawl Stone Soup version 0.31-a0-1603-gbec6b6ccbf (webtiles) character file.

Game seed: 5882770742298003696

65 avis the Ducker (level 3, 18/18 HPs)
             Began as a Felid Warper on Jan 8, 2024.
             Got out of the dungeon alive.
             The game lasted 00:05:19 (1481 turns).

avis the Ducker (Felid Warper)                      Turns: 1481, Time: 00:05:20

Health: 18/18      AC:  1    Str:  9    XL:     3   Next: 92%
Magic:  7/7        EV: 19    Int: 16    God:
Gold:   102        SH:  0    Dex: 15    Spells: 4/6 levels left
                                        Lives:  0   Deaths: 1

rFire   . .          .
                       - Unarmed
rCold   . . .        (shield unavailable)
rNeg    . . .        (body armour unavailable)
rPois   .            (helmet unavailable)
rElec   .            (cloak unavailable)
rCorr   .            (gloves unavailable)
SInv    +            (boots unavailable)
Will    .....        (no amulet)
Stlth   +            (no ring)
HPRegen 0.23/turn    (no ring)
MPRegen 0.10/turn

%: no passive effects
@: no status effects
A: very small, claws 1, fangs 3, see invisible, shaggy fur 1, stealthy paws, no
weapons or thrown items, no armour, multi-lived
a: no special abilities


You escaped.
You visited 1 branch of the dungeon, and saw 2 of its levels.

You collected 102 gold pieces.

Inventory:

Scrolls
 a - a scroll of blinking
 b - a scroll of fog {unknown}
 d - a scroll of poison {unknown}
 f - a scroll of enchant weapon {unknown}
 h - a scroll of revelation {unknown}
Potions
 c - a potion of curing {unknown}
 e - 2 potions of mutation {unknown}
 g - a potion of invisibility {unknown}


   Skills:
 * Level 2.0 Fighting
 - Level 6.0 Dodging
 - Level 2.0 Unarmed Combat
 - Level 2.0 Spellcasting
 - Level 4.4 Translocations


You had 4 spell levels left.
You knew the following spells:

 Your Spells              Type           Power      Damage    Failure   Level
b - Blink                 Tloc           30%        N/A       5%          2

Your spell library contained the following spells:

 Spells                   Type           Power      Damage    Failure   Level
 Lesser Beckoning         Tloc           30%        N/A       5%          2
 Teleport Other           Tloc           15%        N/A       11%         3
 Volatile Blastmotes      Fire/Tloc      16%        2d11      26%         3
 Scorch                   Fire           2%         2d5       30%         2
 Manifold Assault         Tloc           15%        N/A       34%         4
 Iskenderun's Mystic Bla  Conj/Tloc      8%         2d4       63%         4
 Vhi's Electric Charge    Tloc/Air       16%        N/A       63%         4
 Flame Wave               Conj/Fire      1%         2d4       90%         4
 Fulminant Prism          Conj/Alch      0%         3d5       90%         4
 Summon Cactus Giant      Summ           0%         N/A       100%        6


Dungeon Overview and Level Annotations

Branches:
Dungeon (2/15)

Altars:

Annotations:
D:2 Sigmund


Innate Abilities, Weirdness & Mutations

You have sharp claws.
You have razor-sharp teeth.
You have supernaturally acute eyesight. (SInv)
You are covered in fur. (AC +1)
Your paws help you pounce on unaware monsters.
You are incapable of wielding weapons or throwing items.
You cannot wear armour.
You gain extra lives every three experience levels.


Message History

Your Dodging skill increases to level 6!
You need to enable at least one skill for training.
Found a rapier.
Found 4 stones.
There is a shaft here.
Sigmund the Dreaded comes into view.
He is wielding a +0 scythe and wearing a +2 robe of positive energy.
Sigmund shouts!
Sigmund misses you.
You scratch Sigmund but do no damage. Your bite misses Sigmund.
You scratch Sigmund but do no damage. You bite Sigmund, but do no damage.
Sigmund points at you and mumbles some strange words.
The puff of flame hits you!
Ouch! That really hurt!
You scratch Sigmund but do no damage. Sigmund misses you.
You barely miss Sigmund. Sigmund hits you with a +0 scythe!
Ouch! That really hurt!
You die...
You rejoin the land of the living...
What level of the Dungeon? (default 1, ? - help)
A bat comes into view.
The bat completely misses you.
You scratch the bat but do no damage. The bat closely misses you.
You barely miss the bat. The bat misses you. The bat closely misses you.
The bat misses you. The bat misses you. The bat barely misses you.
You miss the bat. Your bite misses the bat. The bat barely misses you.
The bat barely misses you.
You scratch the bat.
You kill the bat!
What level of the Dungeon? (default 1, ? - help)
There is a stone staircase leading up here.
You climb upwards.
There is a stone staircase leading down here.
There is a stone staircase leading down here.
You see here a +0 pair of boots.
You see here a +0 sling.
There is a staircase leading out of the dungeon here.
You have escaped!

#.# ##....[..###.##...#### #.#
#.........##.......... #.#
##..##.##..##......#..# ..#
####...#...#...#)###.....# ###
#.....##.P.##..#.........# #
#.#...#.....#...####.##### ######
#.#..##.P.P.##..####+#...# ##...#
#.#..#.......#.........#.#
##.#.###....#.P.@.P.#.....†.....#
##.#.†...#..#.......#........##.#
..†####.##..##.P.P.##..#........#
#### #.##...#.....#...#..#.#...#
##### #.###..##.P.##..#...#.#####
....###.......#...#...#.#.#.#
###...##...#..##.##.....#)#.#
#...#.##.............##.....#
#.###.##..#.#.......#####...#####


There were no monsters in sight!

Vanquished Creatures
  3 adders (D:2)
  A dart slug (D:2)
  4 ball pythons
  5 endoplasms
  A giant cockroach (D:1)
  2 goblins
  2 hobgoblins (D:1)
  3 jackals (D:1)
  A quokka (D:1)
  2 bats
  A frilled lizard (D:1)
  5 kobolds
  4 rats
34 creatures vanquished.

Notes
Turn   | Place    | Note
-------+----------+-------------------------------------------
     0 | D:1      | avis the Felid Warper began the quest for the Orb.
     0 | D:1      | Reached XP level 1. HP: 11/11 MP: 4/4
   212 | D:1      | Reached skill level 4 in Dodging
   292 | D:1      | Reached XP level 2. HP: 15/15 MP: 6/6
   436 | D:1      | Learned a level 2 spell: Blink
   751 | D:1      | Reached skill level 5 in Dodging
  1027 | D:2      | Reached XP level 3. HP: 10/18 MP: 7/7
  1283 | D:2      | Reached skill level 6 in Dodging
  1351 | D:2      | Noticed Sigmund
  1356 | D:2      | Slain by Sigmund
  1356 | D:2      | Lost a life (0 lives remaining)
  1481 | D:$      | Got out of the dungeon alive.

Illustrated notes

Levels and vault maps discovered:
D:1:      mainiacjoe_arrival_oval_in_oval, layout_basic
D:2:      layout_loops_ring, hellmonk_ecumenical_altar_leap_of_faith,
          nicolae_half_adder, uniq_sigmund

Skill      XL: |  1  2  3 |
---------------+----------+-----
Dodging        | 4 5 6 |  6.0
Fighting       | |  2.0
Unarmed Combat | |  2.0
Spellcasting   | |  2.0
Translocations | |  4.4

Action                     || total
---------------------------++-------
  Melee: Unarmed           ||   120
         Bite              ||    10
         Punch             ||     1
   Stab: Sleeping          ||     4
 Armour: Skin              ||    39
  Dodge: Dodged            ||    87

Table legend: (Time is in decaauts)
 A = Elapsed time spent in this place.
 B = Non-inter-level travel time spent in this place.
 C = Inter-level travel time spent in this place.
 D = Time resting spent in this place.
 E = Time spent auto-exploring this place.
 F = Levels seen in this place.
 G = Mean time per level.
                   A        B        C        D        E       F      G
               +--------+--------+--------+--------+--------+-----+--------+
         Total |   1478 |   1267 |    211 |    191 |    752 |   2 |  739.0 |
       Dungeon |   1478 |   1267 |    211 |    191 |    752 |   2 |  739.0 |
               +--------+--------+--------+--------+--------+-----+--------+

Top non-repeatable levels by time:
     D:1: 1130 daAuts
     D:2: 347 daAuts
